 Dungeon Crawl Stone Soup version 0.32-a0-886-g41c5271027 (webtiles) character file.

Game seed: 3135592934275537187

1115 smashvw the Cleaver (level 8, -3/64 HPs)
             Began as a Minotaur Berserker on Apr 2, 2024.
             Was a Priest of Trog.
             Succumbed to a gnoll sergeant's poison
             ... on level 6 of the Dungeon.
             The game lasted 00:07:12 (4543 turns).

smashvw the Cleaver (Minotaur Berserker)            Turns: 4543, Time: 00:07:13

Health: -3/64      AC:  5    Str: 25    XL:     8   Next: 12%
Magic:  7/7        EV: 11    Int:  4    God:    Trog [***...]
Gold:   201        SH:  0    Dex:  9    Spells: 7/7 levels left

rFire   + . .        r - +2 hand axe (heavy)
rCold   . . .        (no shield)
rNeg    . . .        o - +2 robe {rF+}
rPois   .            (helmet restricted)
rElec   .            (no cloak)
rCorr   .            (no gloves)
SInv    .            e - +0 pair of boots
Will    .....        (no amulet)
Stlth   +            (no ring)
HPRegen 0.30/turn    (no ring)
MPRegen 0.10/turn

%: no passive effects
@: lethally poisoned (-3 -> -22), on berserk cooldown, slowed, very slow
A: horns 2, retaliatory headbutt
a: Renounce Religion, Berserk, Trog's Hand


You were on level 6 of the Dungeon.
You worshipped Trog.
Trog was most pleased with you.
You visited 1 branch of the dungeon, and saw 6 of its levels.

You collected 201 gold pieces.

Inventory:

Hand Weapons
 a - a +0 hand axe
 r - a +2 heavy hand axe (weapon)
Armour
 b - a +0 animal skin
 e - a +0 pair of boots (worn)
 o - a +2 robe of fire resistance (worn)
Jewellery
 n - an amulet of guardian spirit
Scrolls
 c - 2 scrolls of amnesia {unknown}
 d - 3 scrolls of poison {unknown}
 f - 2 scrolls of fear {unknown}
 g - 7 scrolls of teleportation {unknown}
 h - a scroll of immolation {unknown}
 j - 2 scrolls of silence {unknown}
 l - 4 scrolls of identify {unknown}
 s - 2 scrolls of blinking {unknown}
 t - a scroll of revelation {unknown}
 u - a scroll of butterflies {unknown}
 v - a scroll of enchant weapon {unknown}
 w - a scroll of vulnerability {unknown}
Potions
 i - 2 potions of curing {unknown}
 k - a potion of mutation {unknown}
 m - a potion of ambrosia {unknown}
 p - 2 potions of magic {unknown}
 q - a potion of resistance {unknown}
 x - a potion of heal wounds {unknown}
 z - a potion of haste {unknown}
 A - a potion of degeneration {unknown}
 B - a potion of cancellation {unknown}


   Skills:
 - Level 3.6 Fighting
 + Level 11.9 Axes
 - Level 2.4 Armour
 - Level 2.1 Dodging


You had 7 spell levels left.
You didn't know any spells.
Your spell library was empty.

Dungeon Overview and Level Annotations

Branches:
Dungeon (6/15)             Temple (0/1) D:5

Altars:

Shops:
D:1 *

Annotations:
D:3 2 transporters


Innate Abilities, Weirdness & Mutations

You have a pair of horns on your head.
You reflexively headbutt those who attack you in melee.


Message History

You feel stronger.
You feel very sick.
The gnoll sergeant hits you with a +2 spear of venom!
You are lethally poisoned!
The gnoll hits you with a +0 club.
* * * LOW HITPOINT WARNING * * *
The gnoll closely misses you.
Things that are here:
a +0 flail; a scroll labelled VUXKEH MISUNAQ You slice the gnoll sergeant!!
You kill the gnoll sergeant!
Trog accepts your kill.
You slash the gnoll!
You kill the gnoll!
Trog accepts your kill.
You slash the gnoll!
You kill the gnoll!
Trog accepts your kill.
* * * LOW HITPOINT WARNING * * *
You feel very sick.
The gnoll hits you from afar with a +0 spear.
* * * LOW HITPOINT WARNING * * *
* * * LOW HITPOINT WARNING * * *
You feel very sick.
You slice the gnoll!!
You kill the gnoll!
Trog accepts your kill.
* * * LOW HITPOINT WARNING * * *
You feel very sick.
Okay, then.
You are too berserk!
There is a lethal amount of poison in your body!
* * * LOW HITPOINT WARNING * * *
You feel very sick.
Items here: )) ? ††.
You feel a strong urge to attack something.
You are no longer berserk.
You are exhausted.
You feel yourself slow down.
You die...

#. ... #. .. ..
.# #.###.# # #
#...>.#.#
#.###.#...#.#
#.....#.....##
#...@)..<..#
#...)).)...#
.......).)....#
..#..##....#.##
..... #....# #
.#.. ...... ...
........ ###
.##.####.# #.
#. .#


There were no monsters in sight!

Vanquished Creatures
  Sigmund (D:5)
  A centaur (D:5)
  Blork the orc (D:6)
  A gnoll sergeant (D:6)
  3 scorpions
  A bombardier beetle (D:5)
  5 hounds (D:5)
  4 sleepcaps
  An iguana (D:5)
  An orc wizard (D:5)
  9 gnolls
  5 adders
  A dart slug (D:2)
  2 ribbon worms (D:2)
  15 orcs
  3 bats
  6 endoplasms
  2 giant cockroaches (D:1)
  5 goblins
  5 hobgoblins
  5 quokkas
  8 ball pythons
  2 frilled lizards (D:1)
  10 kobolds
  9 rats
106 creatures vanquished.

Notes
Turn   | Place    | Note
-------+----------+-------------------------------------------
     0 | D:1      | smashvw the Minotaur Berserker began the quest for the Orb.
     0 | D:1      | Reached XP level 1. HP: 19/19 MP: 0/0
    35 | D:1      | Found Xokitunk's Assorted Antiques.
    47 | D:1      | Reached skill level 4 in Axes
   116 | D:1      | Reached XP level 2. HP: 23/26 MP: 1/1
   627 | D:2      | Reached skill level 5 in Axes
   694 | D:2      | Reached ** piety under Trog
   760 | D:2      | Reached XP level 3. HP: 29/31 MP: 2/2
  1796 | D:3      | Reached skill level 6 in Axes
  1796 | D:3      | Reached XP level 4. HP: 27/39 MP: 3/3
  1989 | D:3      | Noticed a scorpion
  1995 | D:3      | Killed a scorpion
  2263 | D:3      | Found a transporter.
  2282 | D:3      | Found a transporter.
  2310 | D:3      | Reached XP level 5. HP: 45/45 MP: 4/4
  2638 | D:4      | Reached skill level 7 in Axes
  2738 | D:4      | Reached skill level 8 in Axes
  2898 | D:4      | Reached *** piety under Trog
  2951 | D:4      | Reached XP level 6. HP: 24/51 MP: 5/5
  3193 | D:5      | Entered Level 5 of the Dungeon
  3259 | D:5      | Reached skill level 9 in Axes
  3296 | D:5      | Noticed Sigmund
  3300 | D:5      | Killed Sigmund
  3301 | D:5      | Reached XP level 7. HP: 57/57 MP: 6/6
  3358 | D:5      | Reached skill level 10 in Axes
  3435 | D:5      | Found a staircase to the Ecumenical Temple.
  3964 | D:5      | Reached skill level 11 in Axes
  4530 | D:6      | Noticed Blork the orc
  4537 | D:6      | Killed Blork the orc
  4538 | D:6      | Reached XP level 8. HP: 43/64 MP: 7/7
  4541 | D:6      | HP: 3/96 [poisoned by a gnoll sergeant]
  4542 | D:6      | HP: 1/96 [poisoned by a gnoll sergeant]
  4543 | D:6      | Succumbed to a gnoll sergeant's poison

Illustrated notes

Levels and vault maps discovered:
D:1:      eino_arrival_water_cross, layout_rooms, serial_shops, shop
D:2:      layout_basic, hangedman_decor_clover_reticule, minmay_surrounded
D:3:      gammafunk_steamed_eel, layout_basic
D:4:      layout_rooms
D:5:      layout_gridville, minmay_temple_entry_steel_oval, kennysheep_potato,
          uniq_sigmund
D:6:      layout_loops_ring, uniq_prince_ribbit1, uniq_blork_the_orc

Skill      XL: |  1  2  3  4  5  6  7 |
---------------+----------------------+-----
Axes           | 4 5 6 8 9 11 | 11.9
Fighting       | |  3.6
Armour         | |  2.4
Dodging        | |  2.1

Action                     |  1- 3 |  4- 6 |  7- 9 || total
---------------------------+-------+-------+-------++-------
  Melee: Hand axe          |   114 |    66 |    49 ||   229
         Headbutt          |    11 |     7 |    11 ||    29
 Invoke: Berserk           |     1 |     2 |     1 ||     4
   Stab: Sleeping          |       |     1 |     1 ||     2
 Armour: Animal skin       |    76 |       |       ||    76
         Robe              |     4 |    38 |    54 ||    96
  Dodge: Dodged            |    63 |    49 |    28 ||   140

Table legend: (Time is in decaauts)
 A = Elapsed time spent in this place.
 B = Non-inter-level travel time spent in this place.
 C = Inter-level travel time spent in this place.
 D = Time resting spent in this place.
 E = Time spent auto-exploring this place.
 F = Levels seen in this place.
 G = Mean time per level.
                   A        B        C        D        E       F      G
               +--------+--------+--------+--------+--------+-----+--------+
         Total |   4582 |   4407 |    175 |     93 |   3707 |   6 |  763.7 |
       Dungeon |   4582 |   4407 |    175 |     93 |   3707 |   6 |  763.7 |
               +--------+--------+--------+--------+--------+-----+--------+

Top non-repeatable levels by time:
     D:5: 1356 daAuts
     D:2: 1179 daAuts
     D:3: 965 daAuts
     D:4: 561 daAuts
     D:1: 510 daAuts
     D:6: 10 daAuts
